 Dungeon Crawl Stone Soup version 0.30.1-11-g7821555f0a (webtiles) character file.

Game seed: 14400310638850121966

2691 andronian the Spear-Bearer (level 9, -5/111 HPs)
             Began as a Merfolk Fighter on Dec 1, 2023.
             Was an Elder of Okawaru.
             Slain by a killer bee (6 damage)
             ... on level 6 of the Dungeon.
             The game lasted 00:12:47 (5727 turns).

andronian the Spear-Bearer (Merfolk Fighter)        Turns: 5727, Time: 00:12:48

Health: -5/111     AC:  9    Str: 20    XL:     9   Next: 65%
Magic:  10/10      EV: 10    Int:  7    God:    Okawaru [****..]
Gold:   528        SH:  5    Dex: 20    Spells: 8/8 levels left

rFire   + . .        a - +0 trident (freeze)
rCold   . . .        c - +0 buckler
rNeg    + . .        y - +3 leather armour {rF+}
rPois   .            (no helmet)
rElec   .            w - +0 cloak
rCorr   .            (no gloves)
SInv    .            e - +1 pair of boots
Will    .....        (no amulet) Stlth
                     f - ring of positive energy
HPRegen 0.38/turn    E - +6 ring of dexterity
MPRegen 0.12/turn

%: no passive effects
@: berserking, lethally poisoned (-5 -> -34), very quick
A: (nimble swimmer 2), mertail
a: Renounce Religion, Heroism, Finesse


You were on level 6 of the Dungeon.
You worshipped Okawaru.
Okawaru was greatly pleased with you.
You visited 1 branch of the dungeon, and saw 7 of its levels.

You collected 528 gold pieces.

Inventory:

Hand Weapons
 a - a +0 trident of freezing (weapon)
 F - a +0 flail
Missiles
 x - 5 poisoned darts (quivered)
Armour
 c - a +0 buckler (worn)
 e - a +1 pair of boots (worn)
 w - a +0 cloak (worn)
 y - a +3 leather armour of fire resistance (worn)
Jewellery
 b - an amulet of magic regeneration
 f - a ring of positive energy (left hand)
 E - a +6 ring of dexterity (right hand)
Wands
 g - a wand of iceblast (6)
 n - a wand of flame (18)
Scrolls
 h - a scroll of poison {unknown}
 j - 2 scrolls of enchant armour {unknown}
 l - a scroll of immolation {unknown}
 o - 2 scrolls of teleportation {unknown}
 q - 3 scrolls of vulnerability {unknown}
 s - a scroll of amnesia {unknown}
 t - a scroll of noise {unknown}
 z - 3 scrolls of identify
 A - a scroll of fear {unknown}
 D - a scroll of fog {unknown}
Potions
 d - a potion of might
 i - a potion of curing
 k - a potion of berserk rage
 m - a potion of haste
 p - 2 potions of degeneration
 r - 4 potions of heal wounds {unknown}
 u - a potion of flight
 v - 2 potions of attraction {unknown}
 B - a potion of mutation {unknown}
 C - a potion of invisibility {unknown}


   Skills:
 + Level 8.0 Fighting
 - Level 14.0 Polearms
 - Level 2.1 Armour
 - Level 3.0 Shields
 + Level 2.5 Invocations


You had 8 spell levels left.
You didn't know any spells.
Your spell library contained the following spells:

 Spells                   Type           Power      Damage    Failure   Level
 Blade Hands              Tmut           0%         N/A       100%        5
 Iron Shot                Conj/Erth      0%         9d1       100%        6
 Animate Armour           Summ/Erth      Unusable   N/A       N/A         4

Dungeon Overview and Level Annotations

Branches:
Dungeon (7/15)             Temple (0/1) D:7

Altars:
Cheibriados
Elyvilon
Hepliaklqana
Makhleb
Nemelex Xobeh
Okawaru
Ru
Sif Muna


Innate Abilities, Weirdness & Mutations

((You are very nimble when in or above water. (Stealth+, EV+, Speed+++)))
Your lower body shifts to a powerful aquatic tail in water.


Message History

The killer bee stings you.
You are more poisoned.
The killer bee poisons you!
You barely miss the killer bee.
The killer bee is severely wounded.
You feel very sick. The killer bee misses you.
The killer bee barely misses you. x2
You puncture the killer bee! You freeze the killer bee.
You kill the killer bee!
Okawaru accepts your kill.
You feel sick. The killer bee stings you.
* * * LOW HITPOINT WARNING * * *
You are lethally poisoned!
The killer bee poisons you! The killer bee barely misses you.
You miss the killer bee.
* * * LOW HITPOINT WARNING * * *
You feel very sick. You block the killer bee's attack.
The killer bee misses you.
You barely miss the killer bee.
* * * LOW HITPOINT WARNING * * *
You feel sick.
The killer bee stings you but does no damage.
The killer bee barely misses you.
You barely miss the killer bee.
* * * LOW HITPOINT WARNING * * *
You feel sick.
You closely miss the killer bee.
* * * LOW HITPOINT WARNING * * *
You feel sick. The killer bee stings you.
* * * LOW HITPOINT WARNING * * *
You are more poisoned.
The killer bee poisons you! The killer bee stings you.
* * * LOW HITPOINT WARNING * * *
You are more poisoned.
The killer bee poisons you!
You closely miss the killer bee.
* * * LOW HITPOINT WARNING * * *
You feel very sick. The killer bee stings you.
You die...

#.#...............###
#.#...##.###.#.......
#.##(###.# #.#..#####
#.##.###.# #....#
#........# ####.# #
####.##### ##'## #
#.# ##...## # #y##
##.....### #@.##
##.......##
##y..####.........#
#.......+.........'
##...####.........#
#..## ##.......##
##.## ##.....###
#...### ##...##
#.....# ##'## #...#.#
#†#


You could see 2 killer bees.

Vanquished Creatures
  Pikel (D:5)
  A troll (D:6)
  Sigmund (D:4)
  A steam dragon (D:7)
  2 water moccasins
  A black bear (D:6)
  2 sky beasts
  An ice beast (D:7)
  3 ogres
  3 lemures (D:5)
  A killer bee (D:6)
  2 howler monkeys
  3 hounds
  5 orc priests
  A gnoll bouda (D:7)
  A sleepcap (D:6)
  4 iguanas (D:6)
  Ijyb (D:5)
  5 orc wizards
  3 gnolls (D:7)
  9 adders
  2 white imps (D:6)
  2 ufetubi (D:6)
  2 worms (D:4)
  4 dart slugs
  19 orcs
  2 ball pythons (D:3)
  7 bats
  8 endoplasms
  4 giant cockroaches
  12 goblins
  11 hobgoblins
  2 jackals (D:1)
  16 kobolds
  4 quokkas
  4 frilled lizards
  3 rats
153 creatures vanquished.

Notes
Turn   | Place    | Note
-------+----------+-------------------------------------------
     0 | D:1      | andronian the Merfolk Fighter began the quest for the Orb.
     0 | D:1      | Reached XP level 1. HP: 18/18 MP: 1/1
    54 | D:1      | Reached skill level 3 in Polearms
    79 | D:1      | Reached XP level 2. HP: 21/24 MP: 2/2
   274 | D:1      | Reached skill level 4 in Polearms
   349 | D:1      | Reached XP level 3. HP: 30/30 MP: 3/3
   688 | D:2      | Reached XP level 4. HP: 23/37 MP: 4/4
   836 | D:2      | Reached skill level 5 in Polearms
  1936 | D:3      | Reached skill level 6 in Polearms
  1936 | D:3      | Reached XP level 5. HP: 41/42 MP: 5/5
  2114 | D:3      | Found an iron altar of Okawaru.
  2114 | D:3      | Found a shimmering blue altar of Sif Muna.
  2114 | D:3      | Found a snail-covered altar of Cheibriados.
  2114 | D:3      | Found a hazy altar of Hepliaklqana.
  2118 | D:3      | Became a worshipper of Warmaster Okawaru
  2124 | D:3      | Found a sacrificial altar of Ru.
  2126 | D:3      | Found a sparkling altar of Nemelex Xobeh.
  2382 | D:4      | Noticed Sigmund
  2552 | D:4      | Killed Sigmund
  2552 | D:4      | Reached * piety under Okawaru
  2553 | D:4      | Reached skill level 8 in Polearms
  2553 | D:4      | Reached XP level 6. HP: 41/48 MP: 6/6
  2677 | D:4      | Reached skill level 9 in Polearms
  2677 | D:4      | Reached XP level 7. HP: 45/54 MP: 7/7
  3015 | D:5      | Entered Level 5 of the Dungeon
  3271 | D:5      | Noticed Pikel
  3284 | D:5      | Paralysed by Pikel for 2 turns
  3289 | D:5      | Killed Pikel
  3289 | D:5      | Reached ** piety under Okawaru
  3290 | D:5      | Reached skill level 11 in Polearms
  3290 | D:5      | Reached XP level 8. HP: 7/60 MP: 8/8
  3299 | D:5      | Reached skill level 12 in Polearms
  3304 | D:5      | Reached *** piety under Okawaru
  3702 | D:5      | Noticed Ijyb
  3714 | D:5      | Killed Ijyb
  3826 | D:5      | Reached skill level 13 in Polearms
  4219 | D:6      | Found a white marble altar of Elyvilon.
  4278 | D:6      | Found a burning altar of Makhleb.
  4350 | D:6      | Noticed a troll
  4359 | D:6      | Killed a troll
  4360 | D:6      | Reached skill level 14 in Polearms
  4370 | D:6      | Reached XP level 9. HP: 55/67 MP: 9/9
  4418 | D:6      | Reached skill level 5 in Fighting
  4446 | D:6      | Reached **** piety under Okawaru
  5406 | D:7      | Reached skill level 1 in Invocations
  5727 | D:6      | HP: 1/111 [poisoned by a killer bee]
  5727 | D:6      | Slain by a killer bee

Illustrated notes

Levels and vault maps discovered:
D:1:      saegor_arrival_simple_d, layout_basic
D:2:      minmay_recursive_quarters, layout_basic
D:3:      layout_loops_corners, minmay_overflow_temple_hex
D:4:      layout_rooms, minmay_fractal_squares_gapless_5, uniq_sigmund
D:5:      layout_loops_ring, uniq_pikel, uniq_ijyb
D:6:      layout_loops_corners, mainiacjoe_overflow_24_doors,
          mainiacjoe_overflow_alcove_4, corexii_checkpoint_a
D:7:      layout_basic, minmay_temple_entry_antechambers, kennysheep_dice

Skill      XL: |  1  2  3  4  5  6  7  8  9 |
---------------+----------------------------+-----
Polearms       | 3 4 6 8 9 11 14 | 14.0
Fighting       | 4 8 |  8.0
Invocations    | 2 |  2.5
Armour         | |  2.1
Shields        | |  3.0

Action                     |  1- 3 |  4- 6 |  7- 9 || total
---------------------------+-------+-------+-------++-------
  Melee: Trident           |   100 |   191 |   293 ||   584
         Tailslap          |       |       |     1 ||     1
  Throw: Dart              |       |     8 |     3 ||    11
  Evoke: Wand              |       |       |     2 ||     2
    Use: Potion            |       |     1 |     4 ||     5
         Scroll            |       |       |     7 ||     7
   Stab: Sleeping          |       |       |     1 ||     1
 Armour: Scale mail        |    38 |    48 |       ||    86
         Leather armour    |       |     6 |    66 ||    72
  Dodge: Dodged            |    34 |    69 |    99 ||   202
  Block: Buckler           |    22 |    39 |    37 ||    98
